Whale vs Heat

Created - Tuesday, January 06, 2015 at 00:45

Goals
1 2 3 OT1 SO T
Whale 0 0 1 0 1 2
Heat 0 1 0 0 0 1
Shots
1 2 3 OT1 SO T
Whale 6 5 6 1 3 18
Heat 8 8 4 2 3 22

1st period

No Goal

Penalties :
Lucas Lessio (ABB) for Interference (Minor) at 9:18

2nd period

1. Heat , Sven Baertschi 23 (Brenden Kichton, Sergei Gonchar) at 19:44 (PP)

Penalties :
Nick Tarnasky (CON) for Holding (Minor) at 0:44, Stuart Percy (ABB) for Holding (Minor) at 9:32, Nicolas Deslauriers (ABB) for Fighting (Major) at 16:40, Jay Rosehill (CON) for Fighting (Major) at 16:40, Nicolas Deslauriers (ABB) for instigated a fight (Minor) at 16:40, Nicolas Deslauriers (ABB) for instigated a fight (10 Minutes Misconduct) at 16:40, Colin Fraser (CON) for Hooking (Minor) at 19:25

3rd period

2. Whale , Taylor Chorney 2 (Justin Falk, Mike Hedden) at 16:56

Penalties :
Jay Rosehill (CON) for Interference (Minor) at 8:57

Overtime #1

No Goal

Penalties :
No Penalty

Shootout

Penalty Shot by Brendan Ranford for Whale - Goal!
Penalty Shot by Tomas Fleischmann for Heat - Shot Misses the Net
Penalty Shot by John McCarthy for Whale - Stopped by Tomas Vokoun
Penalty Shot by Rickard Rakell for Heat - Stopped by Dustin Tokarski
Penalty Shot by Nick Tarnasky for Whale - Stopped by Tomas Vokoun
Penalty Shot by Taylor Beck for Heat - Shot Misses the Net

Penalties :
No Penalty

Goalie Stats

Dustin Tokarski (CON), 21 saves from 22 shots - (0.955), W, 7-4-5, 65:00 minutes
Tomas Vokoun (ABB), 17 saves from 18 shots - (0.944), OTL, 11-10-7, 65:00 minutes

Players Stats for Whale

Player Name              G  A  P  +/- PIM S  H  SB GA TA FO     MP     PP MP  PK MP  
------------------------------------------------------------------------------------
Brendan Ranford          0  0  0   0  0   0  3  0  1  1  0/0    13:18   0:22   0:00 
Brennan Evans            0  0  0   0  0   0  0  0  0  0  0/0     0:00   0:00   0:00 
Brent Regner             0  0  0   0  0   1  2  0  1  2  0/0    24:15   2:50   1:54 
Colin Fraser             0  0  0   0  2   0  1  0  0  0  4/8    15:56   0:44   0:00 
Dallas Jackson           0  0  0   0  0   0  3  3  0  2  0/0    22:44   2:50   1:54 
Denny Urban              0  0  0   0  0   0  1  1  0  1  0/0    18:41   0:00   0:00 
Derek Nesbitt            0  0  0   0  0   0  1  0  1  0  0/0    10:52   0:22   0:00 
James Livingston         0  0  0   0  0   0  1  0  0  0  0/3    17:19   0:00   1:35 
Jay Rosehill             0  0  0   0  7   1  3  1  3  0  0/3    16:38   0:31   0:00 
John McCarthy            0  0  0   0  0   8  0  0  1  0  4/5    20:45   2:05   3:10 
Jon Sim                  0  0  0   1  0   0  0  0  4  0  0/0    16:12   3:08   0:00 
Justin Falk              0  1  1   1  0   2  2  0  3  0  0/0    19:41   3:07   0:00 
Kelly Zajac              0  0  0   1  0   0  0  3  0  0  6/11   19:27   3:08   3:03 
Mike Hedden              0  1  1   1  0   3  2  2  2  0  1/1    20:15   3:08   0:46 
Mike Moore               0  0  0   0  0   0  2  0  0  0  0/0    18:35   0:22   2:23 
Nick Tarnasky            0  0  0   0  2   2  4  1  1  0  1/3    19:49   1:56   0:00 
Radek Dvorak             0  0  0   0  0   0  0  0  1  0  0/0    15:08   2:27   0:00 
Taylor Chorney           1  0  1   1  0   1  1  2  1  0  0/0    26:04   2:45   2:23 

Players Stats for Heat

Player Name              G  A  P  +/- PIM S  H  SB GA TA FO     MP     PP MP  PK MP  
------------------------------------------------------------------------------------
Brenden Kichton          0  1  1   0  0   0  1  0  0  1  0/0    18:46   2:16   0:00 
Devante Smith-Pelly      0  0  0   0  0   1  0  0  2  0  1/1    17:48   2:26   0:00 
Filip Forsberg           0  0  0   0  0   0  1  0  0  0  0/0    12:20   0:00   0:00 
Jon Merrill              0  0  0  -1  0   5  3  1  1  2  0/0    25:18   2:01   4:13 
Jordan Caron             0  0  0  -1  0   0  3  0  1  1  0/0    12:49   0:00   2:50 
Lucas Lessio             0  0  0  -1  2   2  1  1  0  0  0/0    11:41   0:00   1:59 
Marek Viedensky          0  0  0   0  0   0  0  0  1  0  2/4    15:27   0:00   3:07 
Nicolas Deslauriers      0  0  0   0  17  0  5  1  1  2  0/0    17:07   0:00   1:38 
Nikita Kucherov          0  0  0   0  0   1  1  0  2  0  0/0    12:20   0:00   0:00 
Richard Panik            0  0  0   0  0   1  1  0  1  0  0/1    16:01   1:51   0:00 
Rickard Rakell           0  0  0   0  0   3  2  1  0  0  7/12   19:12   1:51   1:08 
Sergei Gonchar           0  1  1   0  0   2  0  0  0  1  0/0    26:36   2:16   1:44 
Stuart Percy             0  0  0   0  2   1  1  0  0  2  0/0    18:21   0:00   0:06 
Sven Baertschi           1  0  1   0  0   2  0  0  2  0  0/1    16:35   2:26   0:00 
Taylor Beck              0  0  0  -1  0   0  3  0  1  1  5/8    13:19   0:00   2:50 
Tim Erixon               0  0  0  -1  0   1  2  2  0  0  0/0    24:06   2:01   4:13 
Tomas Fleischmann        0  0  0   0  0   3  1  1  1  2  0/1    18:26   1:51   0:00 
Victor Rask              0  0  0   0  0   0  4  1  0  0  3/6    17:48   2:26   0:00 

3 Stars

1 - Dustin Tokarski (CON)
2 - Taylor Chorney (CON)
3 - Tomas Vokoun (ABB)

Power Play

Whale - 0 on 3 Attempt(s) - 0.00%
Heat - 1 on 3 Attempt(s) - 33.33%

Penalty Kill

Whale - 2 on 3 Attempt(s) - 66.67% - Score 0 goal in Penalty Kill
Heat - 3 on 3 Attempt(s) - 100.00% - Score 0 goal in Penalty Kill

Team Stat

Whale - Hits : 26 - Faceoff Wins : 16 - Blocked Shots : 13 - Penalty Minutes : 11
Heat - Hits : 29 - Faceoff Wins : 18 - Blocked Shots : 8 - Penalty Minutes : 21

Official

Referees : Unknown
Linesman : Unknown

Game Notes

Nicolas Deslauriers and Jay Rosehill fight to a draw at 16:40 of 2nd period

Finance

Level 1 -- Attendance: 1639 (81.95%) -- Ticket Income $57,365
Level 2 -- Attendance: 773 (77.30%) -- Ticket Income $11,595
Total Attendance: 2412 (80.40%)
Total Ticket Income: $68,960
Other Income: $33,790
Total Income: $102,750

Whale

5 vs 5 Forward 
   Center                   Left Wing                Right Wing               Time % Phy DF OF 
 1 John McCarthy            Nick Tarnasky            Radek Dvorak             35     1   2  2  
 2 Kelly Zajac              Mike Hedden              Jon Sim                  30     1   2  2  
 3 Colin Fraser             Jay Rosehill             James Livingston         22     1   2  2  
 4 Nick Tarnasky            Brendan Ranford          Derek Nesbitt            13     1   2  2  

5 vs 5 Defense 
   Defense                  Defense                                           Time % Phy DF OF 
 1 Justin Falk              Taylor Chorney                                    35     1   2  2  
 2 Brent Regner             Dallas Jackson                                    30     1   2  2  
 3 Mike Moore               Denny Urban                                       22     1   2  2  
 4 Taylor Chorney           Brent Regner                                      13     1   2  2  

PowerPlay Forward 
   Center                   Left Wing                Right Wing               Time % Phy DF OF 
 1 John McCarthy            Nick Tarnasky            Radek Dvorak             60     1   2  2  
 2 Kelly Zajac              Mike Hedden              Jon Sim                  40     1   2  2  

PowerPlay Defense
   Defense                  Defense                                           Time % Phy DF OF 
 1 Justin Falk              Taylor Chorney                                    60     1   2  2  
 2 Brent Regner             Dallas Jackson                                    40     1   2  2  

Penalty Kill 4 Players Forward 
   Center                   Wing                     Time % Phy DF OF 
 1 Kelly Zajac              John McCarthy            60     1   2  2  
 2 Nick Tarnasky            Mike Hedden              40     1   2  2  

Penalty Kill 4 Players Defense
   Defense                  Defense                  Time % Phy DF OF 
 1 Mike Moore               Taylor Chorney           60     1   2  2  
 2 Brent Regner             Dallas Jackson           40     1   2  2  

Penalty Kill - 3 Players Forward 
   Forward                                           Time % Phy DF OF 
 1 Nick Tarnasky                                     60     1   2  2  
 2 John McCarthy                                     40     1   2  2  

Penalty Kill - 3 Players Defense
   Defense                  Defense                  Time % Phy DF OF 
 1 Justin Falk              Taylor Chorney           60     1   2  2  
 2 Brent Regner             Dallas Jackson           40     1   2  2  

4 vs 4 Forward 
   Center                   Wing                     Time % Phy DF OF 
 1 Jay Rosehill             John McCarthy            60     1   2  2  
 2 Nick Tarnasky            Mike Hedden              40     1   2  2  

4 vs 4 Defense
   Defense                  Defense                  Time % Phy DF OF 
 1 Denny Urban              Taylor Chorney           60     1   2  2  
 2 Brent Regner             Dallas Jackson           40     1   2  2  

Last Minutes Offensive
   Center                   Left Wing                Right Wing               Defense                  Defense                  
   John McCarthy            Nick Tarnasky            Radek Dvorak             Justin Falk              Taylor Chorney           

Last Minutes Defensive
   Center                   Left Wing                Right Wing               Defense                  Defense                  
   John McCarthy            Nick Tarnasky            Radek Dvorak             Justin Falk              Taylor Chorney           

Goaltenders
Starting : Dustin Tokarski          
Backup : Jeff Malcolm             

Extra Forwards
Normal : Jay Rosehill, Brendan Ranford, James Livingston - PP : Jay Rosehill, Brendan Ranford - PK : James Livingston
Extra Defensemen
Normal : Mike Moore, Denny Urban, Taylor Chorney - PP : Mike Moore - PK : Denny Urban, Taylor Chorney
Penalty Shots
Brendan Ranford, John McCarthy, Nick Tarnasky, Mike Hedden, Kelly Zajac

Heat

5 vs 5 Forward 
   Center                   Left Wing                Right Wing               Time % Phy DF OF 
 1 Rickard Rakell           Tomas Fleischmann        Richard Panik            35     1   2  2  
 2 Victor Rask              Sven Baertschi           Devante Smith-Pelly      30     1   2  2  
 3 Marek Viedensky          Filip Forsberg           Nikita Kucherov          25     1   2  2  
 4 Taylor Beck              Lucas Lessio             Jordan Caron             10     1   2  2  

5 vs 5 Defense 
   Defense                  Defense                                           Time % Phy DF OF 
 1 Sergei Gonchar           Stuart Percy                                      35     1   2  2  
 2 Jon Merrill              Tim Erixon                                        30     1   2  2  
 3 Nicolas Deslauriers      Brenden Kichton                                   25     1   2  2  
 4 Sergei Gonchar           Jon Merrill                                       10     1   2  2  

PowerPlay Forward 
   Center                   Left Wing                Right Wing               Time % Phy DF OF 
 1 Rickard Rakell           Tomas Fleischmann        Richard Panik            50     1   2  2  
 2 Victor Rask              Sven Baertschi           Devante Smith-Pelly      50     1   2  2  

PowerPlay Defense
   Defense                  Defense                                           Time % Phy DF OF 
 1 Sergei Gonchar           Brenden Kichton                                   50     1   2  2  
 2 Jon Merrill              Tim Erixon                                        50     1   2  2  

Penalty Kill 4 Players Forward 
   Center                   Wing                     Time % Phy DF OF 
 1 Taylor Beck              Jordan Caron             50     1   2  2  
 2 Marek Viedensky          Lucas Lessio             50     1   2  2  

Penalty Kill 4 Players Defense
   Defense                  Defense                  Time % Phy DF OF 
 1 Sergei Gonchar           Nicolas Deslauriers      50     1   2  2  
 2 Jon Merrill              Tim Erixon               50     1   2  2  

Penalty Kill - 3 Players Forward 
   Forward                                           Time % Phy DF OF 
 1 Marek Viedensky                                   50     1   2  2  
 2 Taylor Beck                                       50     1   2  2  

Penalty Kill - 3 Players Defense
   Defense                  Defense                  Time % Phy DF OF 
 1 Tim Erixon               Stuart Percy             50     1   2  2  
 2 Jon Merrill              Sergei Gonchar           50     1   2  2  

4 vs 4 Forward 
   Center                   Wing                     Time % Phy DF OF 
 1 Rickard Rakell           Tomas Fleischmann        50     1   2  2  
 2 Victor Rask              Devante Smith-Pelly      50     1   2  2  

4 vs 4 Defense
   Defense                  Defense                  Time % Phy DF OF 
 1 Sergei Gonchar           Nicolas Deslauriers      50     1   2  2  
 2 Jon Merrill              Tim Erixon               50     1   2  2  

Last Minutes Offensive
   Center                   Left Wing                Right Wing               Defense                  Defense                  
   Rickard Rakell           Tomas Fleischmann        Richard Panik            Sergei Gonchar           Tim Erixon               

Last Minutes Defensive
   Center                   Left Wing                Right Wing               Defense                  Defense                  
   Victor Rask              Jordan Caron             Taylor Beck              Jon Merrill              Stuart Percy             

Goaltenders
Starting : Tomas Vokoun             
Backup : Eddie Pasquale           

Extra Forwards
Normal : Sven Baertschi, Taylor Beck, Lucas Lessio - PP : Sven Baertschi, Taylor Beck - PK : Lucas Lessio
Extra Defensemen
Normal : Nicolas Deslauriers, Brenden Kichton, Tim Erixon - PP : Brenden Kichton - PK : Nicolas Deslauriers, Tim Erixon
Penalty Shots
Tomas Fleischmann, Rickard Rakell, Taylor Beck, Richard Panik, Devante Smith-Pelly

% Time on Ice - Whale

Lines # - Real PCT - Wanted PCT - Time Play
Normal Forward
1 - 25% - 35% - 12:12
2 - 28% - 30% - 13:43
3 - 27% - 22% - 13:25
4 - 21% - 13% - 10:26
Normal Defense
1 - 33% - 35% - 16:34
2 - 32% - 30% - 15:52
3 - 32% - 22% - 15:49
4 - 3% - 13% - 1:31
PP Forward
1 - 47% - 60% - 2:49
2 - 53% - 40% - 3:08
PP Defense
1 - 52% - 60% - 3:07
2 - 48% - 40% - 2:50
PK Forward
1 - 91% - 60% - 3:54
2 - 9% - 40% - 0:23
PK Defense
1 - 56% - 60% - 2:23
2 - 44% - 40% - 1:54
PK3 Forward
1 - 0% - 60%
2 - 0% - 40%
PK3 Defense
1 - 0% - 60%
2 - 0% - 40%
44 Forward
1 - 100% - 60% - 5:00
2 - 0% - 40% - 0:00
44 Defense
1 - 57% - 60% - 2:52
2 - 43% - 40% - 2:08
Last Minute Offensive  - 0:00
Last Minute Defensive  - 0:00
Total
Forward - 65:00
Defense - 65:00

% Time on Ice - Heat

Lines # - Real PCT - Wanted PCT - Time Play
Normal Forward
1 - 29% - 35% - 14:31
2 - 27% - 30% - 13:17
3 - 25% - 25% - 12:20
4 - 19% - 10% - 9:38
Normal Defense
1 - 33% - 35% - 16:23
2 - 27% - 30% - 13:29
3 - 33% - 25% - 16:30
4 - 7% - 10% - 3:24
PP Forward
1 - 43% - 50% - 1:51
2 - 57% - 50% - 2:26
PP Defense
1 - 53% - 50% - 2:16
2 - 47% - 50% - 2:01
PK Forward
1 - 48% - 50% - 2:50
2 - 52% - 50% - 3:07
PK Defense
1 - 29% - 50% - 1:44
2 - 71% - 50% - 4:13
PK3 Forward
1 - 0% - 50%
2 - 0% - 50%
PK3 Defense
1 - 0% - 50%
2 - 0% - 50%
44 Forward
1 - 48% - 50% - 2:25
2 - 52% - 50% - 2:35
44 Defense
1 - 56% - 50% - 2:49
2 - 44% - 50% - 2:11
Last Minute Offensive  - 0:00
Last Minute Defensive  - 0:00
Total
Forward - 65:00
Defense - 65:00

Play by Play

1st period


0:01 of 1st period - Rickard Rakell wins face-off versus Nick Tarnasky in neutral zone.
0:06 of 1st period - Snap shot by Tomas Fleischmann.
0:06 of 1st period - Stopped by Dustin Tokarski with a rebound.
0:08 of 1st period - Slapshot by Stuart Percy.
0:08 of 1st period - Stopped by Dustin Tokarski without a rebound.
0:09 of 1st period - Rickard Rakell wins face-off versus John McCarthy in Whale zone.
0:14 of 1st period - Slapshot by Tomas Fleischmann.
0:14 of 1st period - Stopped by Dustin Tokarski with a rebound.
0:16 of 1st period - Backhand shot by Rickard Rakell.
0:16 of 1st period - Shot Misses the Net.
0:32 of 1st period - Slapshot by Richard Panik.
0:32 of 1st period - Stopped by Dustin Tokarski with a rebound.
0:53 of 1st period - Icing by Sergei Gonchar.
0:54 of 1st period - Kelly Zajac wins face-off versus Victor Rask in Heat zone.
2:03 of 1st period - Dallas Jackson is hit by Filip Forsberg and loses puck.
3:06 of 1st period - Wrist shot by Tomas Fleischmann.
3:06 of 1st period - Shot Blocked by Dallas Jackson.
4:49 of 1st period - Sergei Gonchar is hit by Mike Moore and loses puck.
6:03 of 1st period - Tim Erixon is hit by Jay Rosehill and loses puck.
6:33 of 1st period - Snap shot by Sven Baertschi.
6:33 of 1st period - Stopped by Dustin Tokarski with a rebound.
6:39 of 1st period - Sergei Gonchar is hit by Nick Tarnasky and loses puck.
6:54 of 1st period - Slapshot by John McCarthy.
6:54 of 1st period - Stopped by Tomas Vokoun with a rebound.
6:56 of 1st period - Slapshot by Mike Moore.
6:56 of 1st period - Shot Misses the Net.
6:58 of 1st period - Wrist shot by John McCarthy.
6:58 of 1st period - Stopped by Tomas Vokoun with a rebound.
7:00 of 1st period - Snap shot by John McCarthy.
7:00 of 1st period - Stopped by Tomas Vokoun with a rebound.
7:02 of 1st period - Slapshot by Mike Moore.
7:02 of 1st period - Deflect By John McCarthy.
7:02 of 1st period - Stopped by Tomas Vokoun with a rebound.
7:16 of 1st period - Victor Rask is hit by Colin Fraser and loses puck.
8:34 of 1st period - Taylor Beck is hit by James Livingston.
9:18 of 1st period - Minor Penalty to Lucas Lessio for Interference.
9:19 of 1st period - Colin Fraser wins face-off versus Marek Viedensky in Heat zone.
9:37 of 1st period - Slapshot by Justin Falk.
9:37 of 1st period - Shot Blocked by Tim Erixon.
9:57 of 1st period - Mike Hedden is hit by Taylor Beck and loses puck.
10:52 of 1st period - Slapshot by Justin Falk.
10:52 of 1st period - Deflect By John McCarthy.
10:52 of 1st period - Stopped by Tomas Vokoun with a rebound.
11:18 of 1st period - Penalty to Lucas Lessio is over, Lucas Lessio is back on ice.
11:18 of 1st period - Derek Nesbitt is hit by Taylor Beck.
11:25 of 1st period - Icing by Jordan Caron.
11:26 of 1st period - John McCarthy wins face-off versus Tomas Fleischmann in Heat zone.
11:40 of 1st period - Denny Urban is hit by Tim Erixon and loses puck.
11:47 of 1st period - Wrist shot by Tomas Fleischmann.
11:47 of 1st period - Stopped by Dustin Tokarski with a rebound.
12:37 of 1st period - Slapshot by Justin Falk.
12:37 of 1st period - Shot Misses the Net.
13:16 of 1st period - Snap shot by Mike Hedden.
13:16 of 1st period - Shot Misses the Net.
13:18 of 1st period - Slapshot by Brent Regner.
13:18 of 1st period - Shot Misses the Net.
13:53 of 1st period - Off-side.
13:54 of 1st period - Nick Tarnasky wins face-off versus Rickard Rakell in neutral zone.
15:10 of 1st period - Jon Sim is hit by Victor Rask and loses puck.
15:45 of 1st period - Slapshot by John McCarthy.
15:45 of 1st period - Shot Misses the Net.
15:47 of 1st period - Wrist shot by Justin Falk.
15:47 of 1st period - Stopped by Tomas Vokoun with a rebound.
16:39 of 1st period - Brendan Ranford is hit by Taylor Beck and loses puck.
16:47 of 1st period - Wrist shot by Lucas Lessio.
16:47 of 1st period - Stopped by Dustin Tokarski with a rebound.
19:10 of 1st period - Slapshot by Jon Merrill.
19:10 of 1st period - Stopped by Dustin Tokarski with a rebound.
19:12 of 1st period - Wrist shot by Tim Erixon.
19:12 of 1st period - Deflect By Taylor Beck.
19:12 of 1st period - Shot Misses the Net.
19:12 of 1st period - Puck is out of play.
19:13 of 1st period - Kelly Zajac wins face-off versus Taylor Beck in Whale zone.
19:17 of 1st period - Off-side.
19:18 of 1st period - Kelly Zajac wins face-off versus Taylor Beck in neutral zone.
19:23 of 1st period - Wrist shot by Mike Hedden.
19:23 of 1st period - Shot Misses the Net.
19:49 of 1st period - Backhand shot by Jon Merrill.
19:49 of 1st period - Shot Misses the Net.
Goals for this period are 0 for Whale vs 0 for Heat.
Shots for this period are 6 for Whale vs 8 for Heat.

2nd period


0:01 of 2nd period - John McCarthy wins face-off versus Rickard Rakell in neutral zone.
0:08 of 2nd period - Wrist shot by John McCarthy.
0:08 of 2nd period - Shot Misses the Net.
0:10 of 2nd period - Snap shot by Brent Regner.
0:10 of 2nd period - Stopped by Tomas Vokoun with a rebound.
0:20 of 2nd period - Snap shot by John McCarthy.
0:20 of 2nd period - Stopped by Tomas Vokoun with a rebound.
0:44 of 2nd period - Minor Penalty to Nick Tarnasky for Holding.
0:45 of 2nd period - Devante Smith-Pelly wins face-off versus Kelly Zajac in Whale zone.
2:09 of 2nd period - Icing by Devante Smith-Pelly.
2:10 of 2nd period - Victor Rask wins face-off versus James Livingston in Heat zone.
2:44 of 2nd period - Penalty to Nick Tarnasky is over, Nick Tarnasky is back on ice.
3:35 of 2nd period - Snap shot by Sergei Gonchar.
3:35 of 2nd period - Shot Blocked by Taylor Chorney.
3:37 of 2nd period - Snap shot by Lucas Lessio.
3:37 of 2nd period - Stopped by Dustin Tokarski without a rebound.
3:38 of 2nd period - Colin Fraser wins face-off versus Taylor Beck in Whale zone.
4:13 of 2nd period - Wrist shot by Taylor Beck.
4:13 of 2nd period - Shot Misses the Net.
4:31 of 2nd period - Justin Falk is hit by Nicolas Deslauriers and loses puck.
4:44 of 2nd period - Brendan Ranford is hit by Victor Rask and loses puck.
5:13 of 2nd period - Jay Rosehill is hit by Richard Panik and loses puck.
5:29 of 2nd period - Wrist shot by John McCarthy.
5:29 of 2nd period - Stopped by Tomas Vokoun with a rebound.
6:11 of 2nd period - Brendan Ranford is hit by Rickard Rakell and loses puck.
6:38 of 2nd period - Slapshot by Sergei Gonchar.
6:38 of 2nd period - Shot Blocked by Dallas Jackson.
7:41 of 2nd period - Nicolas Deslauriers is hit by Denny Urban and loses puck.
7:56 of 2nd period - Jon Merrill is hit by Nick Tarnasky and loses puck.
8:24 of 2nd period - Icing by Sven Baertschi.
8:25 of 2nd period - Victor Rask wins face-off versus Colin Fraser in Heat zone.
8:25 of 2nd period - Victor Rask is hit by Jay Rosehill.
8:31 of 2nd period - Brent Regner is hit by Tim Erixon and loses puck.
8:50 of 2nd period - Filip Forsberg is hit by Derek Nesbitt and loses puck.
9:24 of 2nd period - Wrist shot by Nick Tarnasky.
9:24 of 2nd period - Stopped by Tomas Vokoun with a rebound.
9:32 of 2nd period - Minor Penalty to Stuart Percy for Holding.
9:33 of 2nd period - Taylor Beck wins face-off versus Kelly Zajac in Heat zone.
10:06 of 2nd period - Nicolas Deslauriers is hit by Taylor Chorney and loses puck.
10:31 of 2nd period - Wrist shot by Mike Hedden.
10:31 of 2nd period - Shot Blocked by Nicolas Deslauriers.
10:33 of 2nd period - Snap shot by Kelly Zajac.
10:33 of 2nd period - Shot Blocked by Lucas Lessio.
10:35 of 2nd period - Snap shot by Jon Sim.
10:35 of 2nd period - Shot Misses the Net.
11:06 of 2nd period - Tim Erixon is hit by Brent Regner.
11:10 of 2nd period - Wrist shot by Jordan Caron.
11:10 of 2nd period - Shot Misses the Net.
11:32 of 2nd period - Penalty to Stuart Percy is over, Stuart Percy is back on ice.
11:34 of 2nd period - Snap shot by Mike Hedden.
11:34 of 2nd period - Stopped by Tomas Vokoun with a rebound.
11:44 of 2nd period - Colin Fraser is hit by Jordan Caron.
12:20 of 2nd period - Snap shot by Rickard Rakell.
12:20 of 2nd period - Stopped by Dustin Tokarski with a rebound.
13:35 of 2nd period - Wrist shot by Filip Forsberg.
13:35 of 2nd period - Deflect By Nikita Kucherov.
13:35 of 2nd period - Stopped by Dustin Tokarski with a rebound.
14:11 of 2nd period - Brenden Kichton is hit by Justin Falk and loses puck.
14:31 of 2nd period - Denny Urban is hit by Jordan Caron.
14:54 of 2nd period - Denny Urban is hit by Victor Rask and loses puck.
15:03 of 2nd period - Wrist shot by Devante Smith-Pelly.
15:03 of 2nd period - Shot Misses the Net.
15:31 of 2nd period - Snap shot by Nikita Kucherov.
15:31 of 2nd period - Shot Blocked by Nick Tarnasky.
15:33 of 2nd period - Snap shot by Nikita Kucherov.
15:33 of 2nd period - Shot Misses the Net.
15:43 of 2nd period - Snap shot by Tomas Fleischmann.
15:43 of 2nd period - Shot Misses the Net.
15:45 of 2nd period - Slapshot by Jon Merrill.
15:45 of 2nd period - Shot Misses the Net.
15:47 of 2nd period - Snap shot by Rickard Rakell.
15:47 of 2nd period - Stopped by Dustin Tokarski with a rebound.
15:49 of 2nd period - Snap shot by Tim Erixon.
15:49 of 2nd period - Stopped by Dustin Tokarski with a rebound.
15:51 of 2nd period - Slapshot by Tim Erixon.
15:51 of 2nd period - Deflect By Richard Panik.
15:51 of 2nd period - Shot Misses the Net.
15:51 of 2nd period - Puck is out of play.
15:52 of 2nd period - Rickard Rakell wins face-off versus Kelly Zajac in Whale zone.
16:29 of 2nd period - Snap shot by Jay Rosehill.
16:29 of 2nd period - Shot Misses the Net.
16:32 of 2nd period - Icing by Brenden Kichton.
16:33 of 2nd period - Taylor Beck wins face-off versus Colin Fraser in Heat zone.
16:40 of 2nd period - Nicolas Deslauriers and Jay Rosehill fight to a draw.
16:40 of 2nd period - Penalty to Nicolas Deslauriers for Fighting.
16:40 of 2nd period - Penalty to Jay Rosehill for Fighting.
16:40 of 2nd period - Penalty to Nicolas Deslauriers for instigated a fight.
16:40 of 2nd period - Penalty to Nicolas Deslauriers for instigated a fight.
16:41 of 2nd period - Kelly Zajac wins face-off versus Marek Viedensky in neutral zone.
16:48 of 2nd period - Snap shot by Jon Sim.
16:48 of 2nd period - Deflect By Mike Hedden.
16:48 of 2nd period - Shot Blocked by Jon Merrill.
16:48 of 2nd period - Puck is out of play.
16:49 of 2nd period - Marek Viedensky wins face-off versus Kelly Zajac in Heat zone.
16:49 of 2nd period - Marek Viedensky is hit by Justin Falk.
16:59 of 2nd period - Slapshot by Jon Merrill.
16:59 of 2nd period - Stopped by Dustin Tokarski with a rebound.
18:07 of 2nd period - Jordan Caron is hit by Nick Tarnasky and loses puck.
18:33 of 2nd period - Icing by Jon Sim.
18:34 of 2nd period - Taylor Beck wins face-off versus Kelly Zajac in Whale zone.
18:40 of 2nd period - Penalty to Nicolas Deslauriers is over, Lucas Lessio is send on ice.
18:55 of 2nd period - Snap shot by Taylor Chorney.
18:55 of 2nd period - Shot Blocked by Tomas Fleischmann.
19:25 of 2nd period - Minor Penalty to Colin Fraser for Hooking.
19:26 of 2nd period - Kelly Zajac wins face-off versus Victor Rask in Whale zone.
19:38 of 2nd period - Slapshot by Sergei Gonchar.
19:38 of 2nd period - Shot Blocked by Kelly Zajac.
19:40 of 2nd period - Slapshot by Sergei Gonchar.
19:40 of 2nd period - Stopped by Dustin Tokarski with a rebound.
19:42 of 2nd period - Wrist shot by Brenden Kichton.
19:42 of 2nd period - Shot Blocked by Kelly Zajac.
19:44 of 2nd period - Wrist shot by Sven Baertschi.
19:44 of 2nd period - Goal by Sven Baertschi - Whale : 0 - Heat : 1.
19:45 of 2nd period - Colin Fraser wins face-off versus Rickard Rakell in neutral zone.
Goals for this period are 0 for Whale vs 1 for Heat.
Shots for this period are 5 for Whale vs 8 for Heat.

3rd period


0:01 of 3rd period - John McCarthy wins face-off versus Rickard Rakell in neutral zone.
0:18 of 3rd period - Wrist shot by Nick Tarnasky.
0:18 of 3rd period - Stopped by Tomas Vokoun with a rebound.
0:48 of 3rd period - Snap shot by Devante Smith-Pelly.
0:48 of 3rd period - Shot Blocked by Kelly Zajac.
0:58 of 3rd period - Wrist shot by Devante Smith-Pelly.
0:58 of 3rd period - Stopped by Dustin Tokarski without a rebound.
0:59 of 3rd period - Mike Hedden wins face-off versus Sven Baertschi in Whale zone.
1:52 of 3rd period - Slapshot by Jay Rosehill.
1:52 of 3rd period - Stopped by Tomas Vokoun without a rebound.
1:53 of 3rd period - Colin Fraser wins face-off versus Rickard Rakell in Heat zone.
2:00 of 3rd period - James Livingston is hit by Rickard Rakell and loses puck.
2:07 of 3rd period - Slapshot by Rickard Rakell.
2:07 of 3rd period - Stopped by Dustin Tokarski with a rebound.
2:09 of 3rd period - Slapshot by Tim Erixon.
2:09 of 3rd period - Shot Blocked by Denny Urban.
3:27 of 3rd period - Victor Rask is hit by Mike Hedden and loses puck.
5:30 of 3rd period - John McCarthy is hit by Jordan Caron and loses puck.
6:31 of 3rd period - Snap shot by Filip Forsberg.
6:31 of 3rd period - Shot Blocked by Jay Rosehill.
7:20 of 3rd period - Taylor Beck is hit by Mike Moore.
7:26 of 3rd period - Denny Urban is hit by Jon Merrill and loses puck.
7:51 of 3rd period - Mike Hedden is hit by Jon Merrill and loses puck.
8:12 of 3rd period - Wrist shot by Sven Baertschi.
8:12 of 3rd period - Shot Blocked by Dallas Jackson.
8:14 of 3rd period - Snap shot by Sven Baertschi.
8:14 of 3rd period - Shot Blocked by Mike Hedden.
8:30 of 3rd period - Snap shot by Richard Panik.
8:30 of 3rd period - Shot Misses the Net.
8:32 of 3rd period - Slapshot by Jon Merrill.
8:32 of 3rd period - Stopped by Dustin Tokarski without a rebound.
8:33 of 3rd period - John McCarthy wins face-off versus Richard Panik in Whale zone.
8:38 of 3rd period - Tomas Fleischmann is hit by Dallas Jackson and loses puck.
8:49 of 3rd period - Snap shot by Jay Rosehill.
8:49 of 3rd period - Deflect By John McCarthy.
8:49 of 3rd period - Stopped by Tomas Vokoun without a rebound.
8:50 of 3rd period - Taylor Beck wins face-off versus Jay Rosehill in Heat zone.
8:50 of 3rd period - Taylor Beck is hit by Dallas Jackson.
8:57 of 3rd period - Minor Penalty to Jay Rosehill for Interference.
8:58 of 3rd period - Kelly Zajac wins face-off versus Victor Rask in Whale zone.
9:10 of 3rd period - Snap shot by Sergei Gonchar.
9:10 of 3rd period - Stopped by Dustin Tokarski with a rebound.
9:12 of 3rd period - Snap shot by Victor Rask.
9:12 of 3rd period - Shot Blocked by Taylor Chorney.
9:46 of 3rd period - Icing by Brenden Kichton.
9:47 of 3rd period - Rickard Rakell wins face-off versus James Livingston in Heat zone.
10:57 of 3rd period - Penalty to Jay Rosehill is over, Jay Rosehill is back on ice.
11:19 of 3rd period - Slapshot by Nikita Kucherov.
11:19 of 3rd period - Shot Misses the Net.
11:31 of 3rd period - Snap shot by Brendan Ranford.
11:31 of 3rd period - Deflect By Derek Nesbitt.
11:31 of 3rd period - Shot Misses the Net.
11:31 of 3rd period - Puck is out of play.
11:32 of 3rd period - Taylor Beck wins face-off versus Colin Fraser in Heat zone.
11:40 of 3rd period - 10 Minutes Misconduct Penalty to Nicolas Deslauriers is over.
12:10 of 3rd period - Derek Nesbitt is hit by Lucas Lessio and loses puck.
12:36 of 3rd period - Taylor Chorney is hit by Stuart Percy.
12:48 of 3rd period - Wrist shot by Filip Forsberg.
12:48 of 3rd period - Shot Misses the Net.
13:33 of 3rd period - Victor Rask is hit by Dallas Jackson and loses puck.
13:43 of 3rd period - Slapshot by Dallas Jackson.
13:43 of 3rd period - Shot Blocked by Victor Rask.
13:45 of 3rd period - Slapshot by Dallas Jackson.
13:45 of 3rd period - Shot Misses the Net.
14:09 of 3rd period - Richard Panik is hit by Brent Regner and loses puck.
14:30 of 3rd period - Tomas Fleischmann is hit by Jay Rosehill and loses puck.
14:57 of 3rd period - Jon Merrill is hit by Nick Tarnasky and loses puck.
15:06 of 3rd period - Slapshot by Jordan Caron.
15:06 of 3rd period - Shot Misses the Net.
15:33 of 3rd period - Justin Falk is hit by Nikita Kucherov and loses puck.
15:46 of 3rd period - Snap shot by Nikita Kucherov.
15:46 of 3rd period - Shot Blocked by Mike Hedden.
15:58 of 3rd period - Justin Falk is hit by Brenden Kichton and loses puck.
16:48 of 3rd period - Snap shot by Mike Hedden.
16:48 of 3rd period - Stopped by Tomas Vokoun with a rebound.
16:50 of 3rd period - Snap shot by Jon Sim.
16:50 of 3rd period - Shot Misses the Net.
16:52 of 3rd period - Snap shot by Mike Hedden.
16:52 of 3rd period - Shot Misses the Net.
16:54 of 3rd period - Wrist shot by Justin Falk.
16:54 of 3rd period - Shot Blocked by Tim Erixon.
16:56 of 3rd period - Snap shot by Taylor Chorney.
16:56 of 3rd period - Goal by Taylor Chorney - Whale : 1 - Heat : 1.
16:57 of 3rd period - Marek Viedensky wins face-off versus James Livingston in neutral zone.
17:26 of 3rd period - Mike Moore is hit by Nicolas Deslauriers and loses puck.
17:33 of 3rd period - Slapshot by Justin Falk.
17:33 of 3rd period - Stopped by Tomas Vokoun without a rebound.
17:34 of 3rd period - Rickard Rakell wins face-off versus Nick Tarnasky in Heat zone.
18:12 of 3rd period - Wrist shot by Jon Sim.
18:12 of 3rd period - Deflect By Mike Hedden.
18:12 of 3rd period - Shot Blocked by Rickard Rakell.
18:12 of 3rd period - Puck is out of play.
18:13 of 3rd period - Victor Rask wins face-off versus Colin Fraser in Heat zone.
19:07 of 3rd period - Brent Regner is hit by Nicolas Deslauriers and loses puck.
19:14 of 3rd period - Nicolas Deslauriers is hit by Mike Hedden and loses puck.
19:29 of 3rd period - Justin Falk is hit by Nicolas Deslauriers and loses puck.
19:51 of 3rd period - Mike Moore is hit by Tomas Fleischmann and loses puck.
Goals for this period are 1 for Whale vs 0 for Heat.
Shots for this period are 6 for Whale vs 4 for Heat.

Overtime #1


0:01 of 1st overtime period - Rickard Rakell wins face-off versus Jay Rosehill in neutral zone.
0:56 of 1st overtime period - Brent Regner is hit by Victor Rask and loses puck.
1:03 of 1st overtime period - Slapshot by Jon Merrill.
1:03 of 1st overtime period - Stopped by Dustin Tokarski with a rebound.
1:19 of 1st overtime period - Snap shot by Jon Merrill.
1:19 of 1st overtime period - Stopped by Dustin Tokarski with a rebound.
1:37 of 1st overtime period - Brendan Ranford is hit by Jon Merrill and loses puck.
2:04 of 1st overtime period - Sergei Gonchar is hit by Brendan Ranford and loses puck.
2:44 of 1st overtime period - Snap shot by Mike Hedden.
2:44 of 1st overtime period - Deflect By Sergei Gonchar.
2:44 of 1st overtime period - Stopped by Tomas Vokoun without a rebound.
2:45 of 1st overtime period - Rickard Rakell wins face-off versus Jay Rosehill in Heat zone.
2:58 of 1st overtime period - Wrist shot by Tomas Fleischmann.
2:58 of 1st overtime period - Shot Misses the Net.
3:19 of 1st overtime period - Tomas Fleischmann is hit by Brendan Ranford and loses puck.
3:26 of 1st overtime period - Tim Erixon is hit by Brendan Ranford.
4:11 of 1st overtime period - Wrist shot by Mike Hedden.
4:11 of 1st overtime period - Shot Misses the Net.
4:21 of 1st overtime period - Snap shot by Sven Baertschi.
4:21 of 1st overtime period - Shot Misses the Net.
4:39 of 1st overtime period - Denny Urban is hit by Nicolas Deslauriers.
Goals for this period are 0 for Whale vs 0 for Heat.
Shots for this period are 1 for Whale vs 2 for Heat.

ShootOut


5:00 of 1st overtime period - Penalty Shot by Brendan Ranford for Whale.
5:00 of 1st overtime period - Snap shot by Brendan Ranford.
5:00 of 1st overtime period - Goal by Brendan Ranford.
5:00 of 1st overtime period - Penalty Shot by Tomas Fleischmann for Heat.
5:00 of 1st overtime period - Backhand shot by Tomas Fleischmann.
5:00 of 1st overtime period - Shot Misses the Net.
5:00 of 1st overtime period - Penalty Shot by John McCarthy for Whale.
5:00 of 1st overtime period - Snap shot by John McCarthy.
5:00 of 1st overtime period - Stopped by Tomas Vokoun.
5:00 of 1st overtime period - Penalty Shot by Rickard Rakell for Heat.
5:00 of 1st overtime period - Wrist shot by Rickard Rakell.
5:00 of 1st overtime period - Stopped by Dustin Tokarski.
5:00 of 1st overtime period - Penalty Shot by Nick Tarnasky for Whale.
5:00 of 1st overtime period - Wrist shot by Nick Tarnasky.
5:00 of 1st overtime period - Stopped by Tomas Vokoun.
5:00 of 1st overtime period - Penalty Shot by Taylor Beck for Heat.
5:00 of 1st overtime period - Wrist shot by Taylor Beck.
5:00 of 1st overtime period - Shot Misses the Net.


Output by the SimonT Hockey Simulator (STHS) for Eric Dolegowski -- Original Page W3C XHTML 1.0 Valid
Hockey Simulator - Hockey Simulation - Hockey Manager